 Dungeon Crawl Stone Soup version 0.29.1 (webtiles) character file.

Game seed: 8436870019135848162

42 qw the Chopper (level 3, 0/31 HPs)
             Began as a Minotaur Berserker on Sept 13, 2022.
             Was a Believer of Trog.
             Succumbed to a kobold's poison
             ... on level 3 of the Dungeon.
             The game lasted 00:00:41 (2219 turns).

qw the Chopper (Minotaur Berserker)                 Turns: 2219, Time: 00:00:42

Health: 0/31       AC:  6    Str: 23    XL:     3   Next: 33%
Magic:  2/2        EV:  9    Int:  4    God:    Trog [**....]
Gold:   137        SH:  7    Dex:  9    Spells: 2/2 levels left

rFire   . . .      SeeInvis .   Y - +0 hand axe
rCold   . . .      Faith    .   i - +0 kite shield
rNeg    + . .      Spirit   .   f - +0 ring mail
rPois   .          Reflect  .   (helmet restricted)
rElec   .          Harm     .   k - +0 cloak
rCorr   .          Rampage  .   (no gloves)
Will    .....                   (no boots)
Stlth   ..........              (no amulet)
HPRegen 0.10/turn               j - ring of positive energy
MPRegen 0.08/turn               (no ring)

@: lethally poisoned (0 -> -7)
A: horns 2, retaliatory headbutt
a: Renounce Religion, Berserk, Trog's Hand


You were on level 3 of the Dungeon.
You worshipped Trog.
Trog was pleased with you.
You visited 1 branch of the dungeon, and saw 3 of its levels.

You collected 137 gold pieces.


Innate Abilities, Weirdness & Mutations

You have a pair of horns on your head.
You reflexively headbutt those who attack you in melee.


   Skills:
 - Level 3.6 Fighting
 - Level 5.0 Axes
 - Level 2.4 Armour
 - Level 2.1 Dodging
 + Level 1.6 Shields


You had 2 spell levels left.
You didn't know any spells.
Your spell library was empty.

Inventory:

Hand Weapons
 c - a +0 whip
 Y - a +0 hand axe (weapon)
Armour
 f - a +0 ring mail (worn)
 i - a +0 kite shield (worn)
 k - a +0 cloak (worn)
Jewellery
 e - a ring of poison resistance
 j - a ring of positive energy (left hand)
Scrolls
 a - a scroll of identify
 b - a scroll of amnesia {unknown}
Potions
 d - a potion of heal wounds
 g - a potion of curing
 h - a potion of might {unknown}

Dungeon Overview and Level Annotations

Branches:
Dungeon (3/15)

Altars:


Message History

You open the door.
There is an open door here.
e - a ring of poison resistance You open the door.
There is an open door here.
A kobold comes into view.
It is wielding a +0 dagger and quivering poisoned darts.
The kobold shouts!
Enter note: The kobold throws a poisoned dart.
You block the poisoned dart.
The kobold throws a poisoned dart.
The poisoned dart hits you!
You are poisoned.
You feel very sick.
The kobold throws a poisoned dart.
You block the poisoned dart.
You feel sick.
The kobold throws a poisoned dart.
The poisoned dart hits you!
You are more poisoned.
2209 ||| FLEEEEING.
You feel very sick.
2210 ||| FLEEEEING.
You feel sick.
2211 ||| FLEEEEING.
You feel sick.
2212 ||| FLEEEEING.
You feel sick.
The kobold throws a poisoned dart.
The poisoned dart hits you!
You are more poisoned.
2213 ||| FLEEEEING.
You feel very sick.
2214 ||| FLEEEEING.
You feel very sick.
2215 ||| FLEEEEING.
You feel sick.
The kobold throws a poisoned dart.
The poisoned dart hits you!
You are lethally poisoned!
2216 ||| FLEEEEING.
You feel very sick.
2217 ||| FLEEEEING.
You feel sick.
The kobold throws a poisoned dart.
The poisoned dart barely misses you.
2218 ||| FLEEEEING.
You feel very sick.
2219 ||| FLEEEEING.
You die...

#..# .######..# #.##
.........# #.# ########.#
#(# ##+## #.# #.# ##...##
##.# ##.# ##.....##
####..### ...# ##.......##
#..K....#
...####.........####....##.#
......'.........@.......# .#
...####.........####....# #
#..# ##.......## #..### ...#
##.....## #.... ...# ##...##
##.### ##.# ##+## #.# ##.#
#.# ##.# .# .


There were no monsters in sight!

Vanquished Creatures
  A dart slug (D:2)
  2 ball pythons (D:1)
  An endoplasm (D:1)
  2 giant cockroaches
  7 goblins
  3 hobgoblins
  5 kobolds
  2 quokkas
  6 bats
  3 frilled lizards
  5 rats (D:1)
37 creatures vanquished.

Notes
Turn   | Place    | Note
-------+----------+-------------------------------------------
     0 | D:1      | qw the Minotaur Berserker began the quest for the Orb.
     0 | D:1      | Reached XP level 1. HP: 19/19 MP: 0/0
     0 | D:1      | 0 ||| qw: Version: 0.1-a-119-g272c26d
     0 | D:1      | 0 ||| qw: Game counter: 11215
     0 | D:1      | 0 ||| qw: Always use a shield: true
     0 | D:1      | 0 ||| qw: Do Orc after D:15 true
     0 | D:1      | 0 ||| qw: Do second Lair branch before Depths: true
     0 | D:1      | 0 ||| qw: Lair rune preference: random
     0 | D:1      | 0 ||| qw: Plans: Normal
     0 | D:1      | 0 ||| PLANNING D:1-11
   144 | D:1      | Reached skill level 4 in Axes
   274 | D:1      | Reached XP level 2. HP: 26/26 MP: 1/1
   336 | D:1      | 336 ||| Stepping ~*~*~tactically~*~*~ (stealth).
   385 | D:1      | Found a faded altar of an unknown god.
   396 | D:1      | 396 ||| INVOKING Berserk.
   757 | D:1      | 757 ||| Stepping ~*~*~tactically~*~*~ (stealth).
  1030 | D:1      | Reached ** piety under Trog
  1043 | D:1      | Reached skill level 5 in Axes
  1102 | D:1      | 1102 ||| Stepping ~*~*~tactically~*~*~ (stealth).
  1103 | D:1      | 1103 ||| Stepping ~*~*~tactically~*~*~ (stealth).
  1107 | D:1      | 1107 ||| Stepping ~*~*~tactically~*~*~ (stealth).
  1210 | D:1      | 1210 ||| UPGRADING to +0 ring mail.
  1220 | D:1      | 1220 ||| DROPPING +0 animal skin.
  1221 | D:1      | 1221 ||| UPGRADING to +0 kite shield.
  1226 | D:1      | 1226 ||| UPGRADING to ring of positive energy.
  1227 | D:1      | 1227 ||| READING 2 scrolls labelled ADWA GUMUIS.
  1228 | D:1      | 1228 ||| DRINKING 2 dark potions.
  1229 | D:1      | 1229 ||| DRINKING 2 inky potions.
  1278 | D:2      | Reached XP level 3. HP: 31/31 MP: 2/2
  1412 | D:2      | Reached skill level 1 in Shields
  1489 | D:2      | 1489 ||| Stepping ~*~*~tactically~*~*~ (stealth).
  1490 | D:2      | 1490 ||| Stepping ~*~*~tactically~*~*~ (stealth).
  1878 | D:2      | 1878 ||| UPGRADING to +0 cloak.
  1883 | D:2      | 1883 ||| READING scroll labelled KARPHO CESMA.
  1884 | D:2      | 1884 ||| READING 3 scrolls labelled DYNELO OMIMEXT.
  1885 | D:2      | 1885 ||| READING scroll labelled YJATYM OSESITO.
  1886 | D:2      | 1886 ||| DROPPING 2 scrolls of immolation.
  1887 | D:2      | 1887 ||| Stepping randomly (stuck).
  1888 | D:2      | 1888 ||| Stepping ~*~*~tactically~*~*~ (cloud).
  2209 | D:3      | 2209 ||| FLEEEEING.
  2210 | D:3      | 2210 ||| FLEEEEING.
  2211 | D:3      | 2211 ||| FLEEEEING.
  2212 | D:3      | 2212 ||| FLEEEEING.
  2213 | D:3      | 2213 ||| FLEEEEING.
  2214 | D:3      | 2214 ||| FLEEEEING.
  2215 | D:3      | 2215 ||| FLEEEEING.
  2216 | D:3      | 2216 ||| FLEEEEING.
  2216 | D:3      | HP: 6/31 [poisoned by a kobold]
  2217 | D:3      | 2217 ||| FLEEEEING.
  2218 | D:3      | 2218 ||| FLEEEEING.
  2218 | D:3      | HP: 1/31 [poisoned by a kobold]
  2219 | D:3      | 2219 ||| FLEEEEING.
  2219 | D:3      | Succumbed to a kobold's poison

Levels and vault maps discovered:
D:1:      erik_arrival_cave_to_civilisation [erik_arrival_cave_to_hall],
          layout_basic, hellmonk_ecumenical_altar_arch_garden, grunt_decor_cap,
          hex_medium, minmay_tall_x
D:2:      layout_rooms
D:3:      layout_loops_corners, serial_shops, shop, wad_rectangle_vault

Skill      XL: |  1  2  3 |
---------------+----------+-----
Axes           | 4 5 |  5.0
Shields        | 1 |  1.6
Fighting       | |  3.6
Armour         | |  2.4
Dodging        | |  2.1

Action                   || total
-------------------------++-------
Melee: Hand axe          ||    79
       Headbutt          ||     2
Invok: Berserk           ||     1
  Use: Potion            ||     2
       Scroll            ||     4
Armor: Animal skin       ||     4
       Ring mail         ||     7
Dodge: Dodged            ||    36
Block: Kite shield       ||     7

Table legend:
 A = Non-vault XP
 B = Vault XP
 C = Vault XP percentage of total XP
 D = Non-vault monster count
 E = Vault monster count
 F = Vault count percentage of total count
                 A         B        C        D         E       F
            +---------+---------+-------+---------+---------+-------
      Total |      51 |       9 |  15.0 |      31 |       6 |  16.2
            +---------+---------+-------+---------+---------+-------
        D:1 |      27 |       9 |  25.0 |      18 |       6 |  25.0
        D:2 |      24 |       0 |   0.0 |      13 |       0 |   0.0
            +---------+---------+-------+---------+---------+-------
